 Dungeon Crawl Stone Soup version 0.27-a0-1502-g47ed6a6988 (webtiles) character file.

Game seed: 6424163169454194717

210 funkygono the Ducker (level 5, -7/43 HPs)
             Began as a Gnoll Gladiator on July 8, 2021.
             Mangled by Sigmund (9 damage)
             ... on level 5 of the Dungeon.
             The game lasted 00:07:42 (3900 turns).

funkygono the Ducker (Gnoll Gladiator)              Turns: 3900, Time: 00:07:43

Health: -7/43      AC: 16    Str: 15    XL:     5   Next: 87%
Magic:  7/7        EV: 13    Int:  9    God:
Gold:   217        SH:  0    Dex: 13    Spells: 7/7 levels left

rFire    . . .     SeeInvis .   l - +0 mace (protect)
rCold    . . .     Faith    .   (no shield)
rNeg     . . .     Spirit   .   f - +0 ring mail
rPois    .         Reflect  .   c - +1 helmet
rElec    .         Harm     .   (no cloak)
rCorr    .         Rampage  .   q - +0 pair of gloves
Will     .....                  p - +0 pair of boots
Stlth    +.........             (no amulet)
HPRegen  0.14/turn              (no ring)
MPRegen  0.10/turn              (no ring)

@: brilliant, unable to read, under a protective aura
A: fangs 1, strong nose, distributed training, clever 1, inability to read while
threatened
a: no special abilities


You were on level 5 of the Dungeon.
You visited 1 branch of the dungeon, and saw 5 of its levels.

You collected 217 gold pieces.

Inventory:

Hand Weapons
 a - a +0 long sword
 l - a +0 mace of protection (weapon)
Missiles
 d - 3 throwing nets (quivered)
 j - 26 bolts
 n - 5 arrows
Armour
 b - a +0 leather armour
 c - a +1 helmet (worn)
 f - a +0 ring mail (worn)
 i - a +0 kite shield
 p - a +0 pair of boots (worn)
 q - a +0 pair of gloves (worn)
Scrolls
 g - 2 scrolls of torment
 s - a scroll of identify {unknown}
Potions
 e - a potion of attraction {unknown}
 h - a potion of curing
 k - a potion of mutation
 m - a potion of brilliance
 o - 2 potions of flight {unknown}
 r - a potion of might {unknown}


   Skills:
 + Level 4.8 Fighting
 + Level 1.6 Short Blades
 + Level 6.7 Long Blades
 + Level 1.6 Axes
 + Level 1.6 Maces & Flails
 + Level 1.6 Polearms
 + Level 1.6 Staves
 + Level 1.6 Slings
 + Level 1.6 Bows
 + Level 1.6 Crossbows
 + Level 4.8 Throwing
 + Level 1.6 Armour
 + Level 6.7 Dodging
 + Level 1.6 Stealth
 + Level 1.6 Shields
 + Level 1.6 Unarmed Combat
 + Level 1.6 Spellcasting
 + Level 1.3 Conjurations
 + Level 1.3 Hexes
 + Level 1.3 Summonings
 + Level 1.3 Necromancy
 + Level 1.3 Translocations
 + Level 1.3 Transmutations
 + Level 1.3 Fire Magic
 + Level 1.3 Ice Magic
 + Level 1.3 Air Magic
 + Level 1.3 Earth Magic
 + Level 1.3 Poison Magic
 + Level 1.9 Invocations
 + Level 1.6 Evocations


You had 7 spell levels left.
You didn't know any spells.
Your spell library contained the following spells:

 Spells                   Type           Power      Damage    Failure   Level
 Apportation              Tloc           8%         N/A       36%         1
 Alistair's Intoxication  Tmut/Pois      2%         N/A       100%        5
 Invisibility             Hex            2%         N/A       100%        6


Dungeon Overview and Level Annotations

Branches:
Dungeon (5/15)
 Temple: D:4-7

Altars:
Fedhas
Ru
Trog
Zin

Annotations:
D:5 Sigmund


Innate Abilities, Weirdness & Mutations

You have very sharp teeth.
Your uncanny sense of smell can sniff out nearby items.
Your experience applies equally to all skills.
Your mind is acute. (Int +2)
You sometimes lose the ability to read scrolls when taking damage.


Message History

You hit Sigmund but do no damage.
Sigmund is lightly wounded.
Sigmund hits you but does no damage. Sigmund closely misses you.
You hit Sigmund. Your bite misses Sigmund.
Sigmund is lightly wounded.
Sigmund hits you with a +1 scythe of protection!
* * * LOW HITPOINT WARNING * * *
You hit Sigmund.
Sigmund is heavily wounded.
Sigmund hits you with a +1 scythe of protection!
* * * LOW HITPOINT WARNING * * *
You hit Sigmund.
Sigmund is heavily wounded.
Sigmund points at you and mumbles some strange words.
The magic dart hits you.
* * * LOW HITPOINT WARNING * * *
Sigmund barely misses you.
You hit Sigmund.
Sigmund is heavily wounded.
You hear the slow rusting of a very distant drain.
Sigmund misses you.
Unknown command.
It was a potion of curing.
You feel better.
Sigmund smiles chillingly.
Sigmund drinks a potion.
Sigmund is healed!
You sock Sigmund!
Sigmund is moderately wounded.
Sigmund hits you with a +1 scythe of protection!
* * * LOW HITPOINT WARNING * * *
It was a potion of mutation.
You feel extremely strange.
You lose the ability to read scrolls when threatened.
You feel clever.
Sigmund casts a spell.
Sigmund flickers and vanishes!
Deactivating autopickup; reactivate with Ctrl-A.
It was a potion of brilliance.
You feel clever all of a sudden. Something hits you!
You feel threatened and lose the ability to read scrolls!
You die...

##......##
#........##
#.........##
#..........#
#..........#
#...........#
#.............
#......!......
#..@{........#
#...........#
#...........
#..........
#..........
##........#
#.......##
#.......#


There were no monsters in sight!

Vanquished Creatures
  A hound skeleton (D:3)
  10 adders
  2 dart slugs
  6 orcs
  6 ball pythons
  4 bats
  4 endoplasms
  3 giant cockroaches
  11 goblins
  11 hobgoblins
  14 jackals
  4 quokkas
  2 frilled lizards (D:2)
  3 kobolds
  7 rats
88 creatures vanquished.

Vanquished Creatures (others)
  2 plants (D:3)
2 creatures vanquished.

Grand Total: 90 creatures vanquished

Notes
Turn   | Place    | Note
-------+----------+-------------------------------------------
     0 | D:1      | funkygono the Gnoll Gladiator began the quest for the Orb.
     0 | D:1      | Reached XP level 1. HP: 20/20 MP: 1/1
    74 | D:1      | Reached XP level 2. HP: 26/26 MP: 2/2
   269 | D:1      | Reached XP level 3. HP: 27/31 MP: 3/3
   503 | D:1      | Found a faded altar of an unknown god.
   709 | D:2      | Reached skill level 1 in Invocations
   967 | D:2      | Reached skill level 1 in Short Blades
   967 | D:2      | Reached skill level 1 in Axes
   967 | D:2      | Reached skill level 1 in Maces & Flails
   967 | D:2      | Reached skill level 1 in Polearms
   967 | D:2      | Reached skill level 1 in Staves
   967 | D:2      | Reached skill level 1 in Slings
   967 | D:2      | Reached skill level 1 in Bows
   967 | D:2      | Reached skill level 1 in Crossbows
   967 | D:2      | Reached skill level 1 in Armour
   967 | D:2      | Reached skill level 1 in Stealth
   967 | D:2      | Reached skill level 1 in Shields
   967 | D:2      | Reached skill level 1 in Unarmed Combat
   967 | D:2      | Reached skill level 1 in Spellcasting
   967 | D:2      | Reached skill level 1 in Evocations
  1109 | D:2      | Reached XP level 4. HP: 38/38 MP: 5/5
  1168 | D:2      | Found a glowing silver altar of Zin.
  1894 | D:3      | Reached skill level 1 in Conjurations
  1894 | D:3      | Reached skill level 1 in Hexes
  1894 | D:3      | Reached skill level 1 in Summonings
  1894 | D:3      | Reached skill level 1 in Necromancy
  1894 | D:3      | Reached skill level 1 in Translocations
  1894 | D:3      | Reached skill level 1 in Transmutations
  1894 | D:3      | Reached skill level 1 in Fire Magic
  1894 | D:3      | Reached skill level 1 in Ice Magic
  1894 | D:3      | Reached skill level 1 in Air Magic
  1894 | D:3      | Reached skill level 1 in Earth Magic
  1894 | D:3      | Reached skill level 1 in Poison Magic
  2033 | D:3      | Reached XP level 5. HP: 43/43 MP: 6/6
  2412 | D:3      | Found a bloodstained altar of Trog.
  2428 | D:3      | Found a blossoming altar of Fedhas.
  2510 | D:3      | Found a sacrificial altar of Ru.
  3849 | D:5      | Entered Level 5 of the Dungeon
  3876 | D:5      | Noticed Sigmund
  3894 | D:5      | HP: 2/43 [Sigmund (9)]
  3899 | D:5      | Gained mutation: You sometimes lose the ability to read
                  | scrolls when taking damage. [potion of mutation]
  3899 | D:5      | Gained mutation: Your mind is acute. (Int +2) [potion of
                  | mutation]
  3900 | D:5      | Mangled by Sigmund

Illustrated notes

Levels and vault maps discovered:
D:1:      lemuel_arrival_muddy, layout_loops_ring,
          shapermc_ecumenical_altar_mp_urbaneastern,
          hangedman_abyss_or_decor_stabs
D:2:      layout_loops_ring, basic_altar, hangedman_decor_lopped
D:3:      layout_rooms, nicolae_ru_path_of_blood, fedhas_ov_isle_minmay,
          general_overflow_altar, grunt_ministairs_6, minmay_stone_trees_small,
          columned_hall_lemuel
D:4:      layout_loops_ring, kennysheep_potato
D:5:      layout_cave_pods, gup_sewer_entry_bubbles, uniq_sigmund,
          uniq_crazy_yiuf_cottage

Skill      XL: |  1  2  3  4 |
---------------+-------------+-----
Invocations    | 1 |  1.9
Short Blades   | 1 |  1.6
Axes           | 1 |  1.6
Maces & Flails | 1 |  1.6
Polearms       | 1 |  1.6
Staves         | 1 |  1.6
Slings         | 1 |  1.6
Bows           | 1 |  1.6
Crossbows      | 1 |  1.6
Armour         | 1 |  1.6
Stealth        | 1 |  1.6
Shields        | 1 |  1.6
Unarmed Combat | 1 |  1.6
Spellcasting   | 1 |  1.6
Evocations     | 1 |  1.6
Conjurations   | 1 |  1.3
Hexes          | 1 |  1.3
Summonings     | 1 |  1.3
Necromancy     | 1 |  1.3
Translocations | 1 |  1.3
Transmutations | 1 |  1.3
Fire Magic     | 1 |  1.3
Ice Magic      | 1 |  1.3
Air Magic      | 1 |  1.3
Earth Magic    | 1 |  1.3
Poison Magic   | 1 |  1.3
Fighting       | |  4.8
Long Blades    | |  6.7
Throwing       | |  4.8
Dodging        | |  6.7

Action                   |  1- 3 |  4- 6 || total
-------------------------+-------+-------++-------
Melee: Long sword        |    33 |       ||    33
       Bite              |     4 |    20 ||    24
       Mace              |    55 |   207 ||   262
       Punch             |       |     1 ||     1
  Use: Scroll            |     2 |     3 ||     5
       Potion            |       |     3 ||     3
 Stab: Sleeping          |     1 |       ||     1
Armor: Leather armour    |     4 |       ||     4
       Ring mail         |    24 |    89 ||   113
Dodge: Dodged            |    67 |   178 ||   245
       Rpst.: Long sword |     6 |       ||     6

Table legend: (Time is in decaauts)
 A = Elapsed time spent in this place.
 B = Non-inter-level travel time spent in this place.
 C = Inter-level travel time spent in this place.
 D = Time resting spent in this place.
 E = Time spent auto-exploring this place.
 F = Levels seen in this place.
 G = Mean time per level.
                   A        B        C        D        E       F      G
               +--------+--------+--------+--------+--------+-----+--------+
         Total |   3994 |   3702 |    292 |      0 |   2669 |   5 |  798.8 |
       Dungeon |   3994 |   3702 |    292 |      0 |   2669 |   5 |  798.8 |
               +--------+--------+--------+--------+--------+-----+--------+

Top non-repeatable levels by time:
     D:2: 1192 daAuts
     D:4: 1143 daAuts
     D:3: 968 daAuts
     D:1: 635 daAuts
     D:5: 54 daAuts
